 Dungeon Crawl Stone Soup version 0.30-a0-341-g682706514a (webtiles) character file.

Game seed: 12446620831359906052

50 flotson the Sneak (level 3, 0/29 HPs)
             Began as a Demonspawn Delver on Nov 3, 2022.
             Succumbed to an adder's poison
             ... on level 2 of the Dungeon.
             The game lasted 00:02:21 (1610 turns).

flotson the Sneak (Demonspawn Delver)               Turns: 1610, Time: 00:02:21

Health: 0/29       AC:  5    Str: 14    XL:     3   Next: 55%
Magic:  3/3        EV: 11    Int: 11    God:
Gold:   87         SH:  0    Dex: 14    Spells: 2/2 levels left

rFire   + . .      SeeInvis .    a - +0 hand axe
rCold   + . .      Faith    .    (no shield)
rNeg    . . .      Spirit   .    i - +0 ring mail
rPois   .          Reflect  .    (no helmet)
rElec   .          Harm     .    e - scarf {rC+ rF+}
rCorr   .          Rampage  .    (no gloves)
Will    .....                    (no boots)
Stlth   ++........               (no amulet)
HPRegen 0.24/turn                (no ring)
MPRegen 0.08/turn                (no ring)

@: lethally poisoned (0 -> -2), invisible
A: foul stench 1
a: no special abilities


You were on level 2 of the Dungeon.
You visited 1 branch of the dungeon, and saw 5 of its levels.

You collected 87 gold pieces.

Inventory:

Hand Weapons
 a - a +0 hand axe (weapon)
Armour
 e - a scarf of resistance (worn)
 i - a +0 ring mail (worn)
Wands
 g - a wand of digging (3)
Scrolls
 c - a scroll of fog
 d - 2 scrolls of identify {unknown}


   Skills:
 + Level 3.4 Fighting
 - Level 1.7 Axes
 + Level 1.2 Armour
 + Level 2.3 Dodging
 - Level 4.5 Stealth
 + Level 1.3 Evocations


You had 2 spell levels left.
You didn't know any spells.
Your spell library contained the following spells:

 Spells                   Type           Power      Damage    Failure   Level
 Sublimation of Blood     Necr           0%         N/A       73%         2
 Wereblood                Tmut           0%         N/A       73%         2
 Summon Hydra             Summ           0%         N/A       100%        7


Dungeon Overview and Level Annotations

Branches:
Dungeon (5/15)
 Temple: D:4-7

Altars:


Innate Abilities, Weirdness & Mutations

You may rarely emit foul miasma when damaged in melee.


Message History

You closely miss the adder.
The adder is heavily wounded.
You feel sick. The adder bites you. The adder bites you but does no damage.
Unknown command.
You are too injured to fight recklessly!
Unknown command.
You miss the adder.
The adder is heavily wounded.
You feel very sick. The adder barely misses you. x2
You closely miss the adder.
The adder is heavily wounded.
You feel sick. The adder closely misses you.
You closely miss the adder.
The adder is heavily wounded.
You feel sick. The adder bites you.
* * * LOW HITPOINT WARNING * * *
You are lethally poisoned!
The adder poisons you! The adder misses you.
It was a potion of magic.
Magic courses through your body.
* * * LOW HITPOINT WARNING * * *
You feel sick. The adder bites you but does no damage.
It was a potion of invisibility.
You fade into invisibility!
* * * LOW HITPOINT WARNING * * *
You feel sick. The adder closely misses you.
The adder bites you but does no damage.
Unknown command.
You catch the helpless adder completely off-guard!
You slash the adder!
You kill the adder!
* * * LOW HITPOINT WARNING * * *
You feel sick.
Unknown command.
* * * LOW HITPOINT WARNING * * *
You feel sick.
There is a lethal amount of poison in your body!
You aren't carrying any potions.
Unknown command.
You die...

#.# #.# #..
... ######.#
#....#S#
#@##.#.#
#.##.#.#
#####.##.#.###
#....<##.S...#
#.########.#.#
#.# #...#
#.##### #####
#....<#
#######


There were no monsters in sight!

Vanquished Creatures
  An adder (D:2)
  A worm (D:2)
  3 dart slugs (D:1)
  4 ball pythons
  An endoplasm (D:1)
  3 hobgoblins
  5 kobolds
  4 quokkas (D:1)
  3 bats (D:1)
  A frilled lizard (D:1)
  4 goblins
  2 rats (D:1)
32 creatures vanquished.

Notes
Turn   | Place    | Note
-------+----------+-------------------------------------------
     0 | D:5      | flotson the Demonspawn Delver began the quest for the Orb.
     0 | D:5      | Reached XP level 1. HP: 18/18 MP: 1/1
    10 | D:5      | Noticed an ogre
   117 | D:4      | Noticed a scorpion
   131 | D:4      | Noticed a jelly
   136 | D:4      | Noticed a scorpion
   299 | D:1      | Gained mutation: You may rarely emit foul miasma when
                  | damaged in melee. [demonic ancestry]
   299 | D:1      | Reached XP level 2. HP: 24/24 MP: 2/2
   303 | D:1      | Found a faded altar of an unknown god.
   629 | D:1      | Reached skill level 1 in Evocations
   724 | D:1      | Reached skill level 1 in Armour
  1025 | D:1      | Reached XP level 3. HP: 29/29 MP: 3/3
  1608 | D:2      | HP: 1/29 [poisoned by an adder]
  1610 | D:2      | Succumbed to an adder's poison

Illustrated notes

Levels and vault maps discovered:
D:1:      elethiomel_arrival_infinity_welcomes_careful_drivers,
          layout_loops_corners, ebering_ecumenical_altar_petrified
D:2:      minmay_skewed_foursquare, layout_basic, corexii_hall_statues_x
D:3:      layout_basic, nicolae_overflow_crystal_walls, lightli_corner_chamber
D:4:      layout_loops_cross, minmay_misc_feat_secret_circle,
          kennysheep_generic_room_2
D:5:      layout_cave_pods, lemuel_mausoleum_altar_yredelemnul, serial_shops,
          nicolae_shop_crystal, eino_tiny_chamber, kennysheep_pointless_box,
          minmay_misc_feat_square

Skill      XL: |  1  2 |
---------------+-------+-----
Dodging        | 2 |  2.3
Evocations     | 1 |  1.3
Armour         | 1 |  1.2
Fighting       | |  3.4
Axes           | |  1.7
Stealth        | |  4.5

Action                   || total
-------------------------++-------
Melee: Hand axe          ||   115
  Use: Scroll            ||     2
       Potion            ||     3
 Stab: Sleeping          ||     4
       Invisible         ||     1
Armor: Leather armour    ||    27
       Ring mail         ||     9
Dodge: Dodged            ||    74

Table legend: (Time is in decaauts)
 A = Elapsed time spent in this place.
 B = Non-inter-level travel time spent in this place.
 C = Inter-level travel time spent in this place.
 D = Time resting spent in this place.
 E = Time spent auto-exploring this place.
 F = Levels seen in this place.
 G = Mean time per level.
                   A        B        C        D        E       F      G
               +--------+--------+--------+--------+--------+-----+--------+
         Total |   1614 |   1516 |     98 |      0 |   1156 |   5 |  322.8 |
       Dungeon |   1614 |   1516 |     98 |      0 |   1156 |   5 |  322.8 |
               +--------+--------+--------+--------+--------+-----+--------+

Top non-repeatable levels by time:
     D:1: 1290 daAuts
     D:2: 169 daAuts
     D:4: 112 daAuts
     D:5: 38 daAuts
     D:3: 5 daAuts
